 Dungeon Crawl Stone Soup version 0.29.1-2-gbd0b4ee654 (webtiles) character file.

Game seed: 8418258570185384949

3245 funnyparkerb the Basher (level 9, -4/57 HPs)
             Began as a Gargoyle Fighter on Nov 1, 2022.
             Was a Believer of Cheibriados.
             Killed from afar by an acid dragon (34 damage)
             ... with a splash of acid
             ... on level 9 of the Dungeon.
             The game lasted 00:09:12 (7792 turns).

funnyparkerb the Basher (Gargoyle Fighter)          Turns: 7792, Time: 00:09:13

Health: -4/57      AC: 29    Str: 34    XL:     9   Next: 99%
Magic:  9/9        EV: 10    Int: 15    God:    Cheibriados [**....]
Gold:   436        SH:  7    Dex: 21    Spells: 8/8 levels left

rFire   . . .      SeeInvis .   a - +0 flail
rCold   . . .      Faith    .   c - +0 buckler
rNeg    + . .      Spirit   .   q - +6 plate armour of the Blessed Realm {Dex+7}
rPois   ∞          Reflect  .   (no helmet)
rElec   +          Harm     .   H - scarf {repulsion}
rCorr   .          Rampage  .   (no gloves)
Will    .....                   (no boots)
Stlth   ..........              J - amulet of the acrobat
HPRegen 0.19/turn               l - +6 ring of strength
MPRegen 0.11/turn               v - +4 ring of protection

@: repel missiles, very slow
A: sickness immunity, AC +6, negative energy resistance 1, electricity
resistance, torment resistance 1, petrification resistance
a: Renounce Religion, Bend Time


You were on level 9 of the Dungeon.
You worshipped Cheibriados.
Cheibriados was pleased with you.
You visited 1 branch of the dungeon, and saw 9 of its levels.

You collected 436 gold pieces.

Inventory:

Hand Weapons
 a - a +0 flail (weapon)
Missiles
 h - 6 atropa-tipped darts (quivered)
 j - 2 datura-tipped darts
 F - 3 throwing nets
 G - 3 silver boomerangs
 L - 6 javelins
Armour
 c - a +0 buckler (worn)
 q - the +6 plate armour of the Blessed Realm (worn) {Dex+7}
   (You found it on level 2 of the Dungeon)

   Dex:       It affects your dexterity (+7).
 H - a scarf of repulsion (worn)
Jewellery
 l - a +6 ring of strength (left hand)
 v - a +4 ring of protection (right hand)
 B - a ring of willpower
 J - an amulet of the acrobat (around neck)
 K - an amulet of magic regeneration
Wands
 z - a wand of charming (20)
 E - a wand of roots (8)
Scrolls
 b - 4 scrolls of torment {unknown}
 e - 2 scrolls of fear {unknown}
 f - a scroll of enchant weapon {unknown}
 g - 3 scrolls of poison {unknown}
 k - 6 scrolls of identify {unknown}
 m - 4 scrolls of immolation {unknown}
 o - a scroll of vulnerability {unknown}
 s - 2 scrolls of butterflies {unknown}
 t - 6 scrolls of noise {unknown}
 u - 2 scrolls of acquirement {unknown}
 x - 3 scrolls of teleportation {unknown}
 y - 2 scrolls of magic mapping {unknown}
 A - a scroll of blinking {unknown}
 D - a scroll of enchant armour {unknown}
Potions
 d - 2 potions of might
 i - a potion of resistance {unknown}
 n - 2 potions of magic {unknown}
 p - 2 potions of haste {unknown}
 r - 4 potions of curing {unknown}
 w - a potion of heal wounds {unknown}
 C - 2 potions of flight {unknown}
 I - a potion of attraction {unknown}


   Skills:
 + Level 7.3 Fighting
 - Level 8.0 Maces & Flails
 + Level 6.9 Armour
 + Level 4.4 Dodging
 + Level 6.9 Shields


You had 8 spell levels left.
You didn't know any spells.
Your spell library contained the following spells:

 Spells                   Type           Power      Damage    Failure   Level
 Sting                    Tmut/Pois      0%         1d3       93%         1
 Ensorcelled Hibernation  Hex/Ice        0%         N/A       98%         2
 Passwall                 Tmut/Erth      0%         N/A       98%         2
 Poisonous Vapours        Pois/Air       0%         N/A       98%         2
 Gell's Gravitas          Tloc           0%         N/A       100%        3
 Ignite Poison            Fire/Tmut/Pois 0%         N/A       100%        3
 Mephitic Cloud           Conj/Pois/Air  0%         N/A       100%        3
 Swiftness                Air            0%         N/A       100%        3
 Teleport Other           Tloc           0%         N/A       100%        3
 Olgreb's Toxic Radiance  Pois           0%         N/A       100%        4
 Freezing Cloud           Conj/Ice/Air   0%         6-21      100%        5
 Dispersal                Tloc           0%         N/A       100%        6


Dungeon Overview and Level Annotations

Branches:
Dungeon (9/15)             Temple (0/1) D:5            Lair (0/5) D:8
    Orc: D:9-12

Altars:
Cheibriados
Dithmenos
Fedhas
Makhleb
Qazlal
Sif Muna
Zin
The Shining One

Annotations:
D:3 exclusion: oklob plant


Innate Abilities, Weirdness & Mutations

You are immune to sickness and miasma.
Your stone body is resilient. (AC +6)
You are immune to poison.
You resist negative energy. (rN+)
You are resistant to electric shocks. (rElec)
You are resistant to unholy torment.
You are immune to petrification.


Message History

The yak closely misses you. x2; You block the yak's attack.
You hear a shout! x2
The yak completely misses you.
There is an open door here.
The howler monkey hoots and howls with incredible vigour!
The yak gores you but does no damage.
You hear a shout!
You barely miss the yak.
The yak is lightly wounded.
The yak gores you but does no damage.
You sock the yak!
The yak is heavily wounded.
The yak gores you but does no damage.
You thump the yak!
The yak is severely wounded.
You block the yak's attack.
You barely miss the yak.
The yak is severely wounded.
The yak closely misses you.
The howler monkey hoots and howls with incredible vigour!
You hear a shout!
You barely miss the yak.
The yak is severely wounded.
The howler monkey hoots and howls with incredible vigour!
The yak gores you.
You hear a shout!
You hit the yak.
The yak is severely wounded.
You block the yak's attack.
You closely miss the yak.
The yak is severely wounded.
The howler monkey hoots and howls with incredible vigour!
The yak gores you but does no damage.
You thump the yak!
You kill the yak!
Cheibriados appreciates the change of pace.
The acid dragon spits acid at you. The splash of acid hits you!!
Ouch! That really hurt!
You die...

#.........#
#.........+
#..D......#
#..?......#
#####'##### #†.#
##)#### ##+#####
####hD...# ###
#......# #.@†YY...#
##.. #......#
#.##D....# ....
#......# #.##.....#
#..
#......###.##.....+
#..
#......#...##.....#
#..
#......'.####.....#
#.. #......###
####### ###
##'##### #..#


You could see 2 yaks, a steam dragon, an acid dragon (catching breath) and a
howler monkey (catching breath).

Vanquished Creatures
  A wraith (D:8)
  8 yaks
  A steam dragon (D:8)
  A water moccasin (D:8)
  2 black bears
  2 ice beasts (D:7)
  3 ogres
  A centaur (D:9)
  A gnoll sergeant (D:8)
  A bullfrog (D:7)
  4 necrophages
  2 scorpions
  A howler monkey (D:9)
  A jelly (D:6)
  6 hounds
  A gnoll bouda (D:6)
  Natasha (twice) (D:4)
  2 orc wizards
  11 gnolls
  5 adders
  2 shadow imps (D:7)
  2 white imps
  2 ufetubi
  2 worms
  18 orcs
  5 bats
  4 endoplasms
  2 giant cockroaches (D:3)
  17 goblins
  9 hobgoblins
  4 kobolds
  3 quokkas
  7 ball pythons
  3 frilled lizards
  4 rats
140 creatures vanquished.

Notes
Turn   | Place    | Note
-------+----------+-------------------------------------------
     0 | D:1      | funnyparkerb the Gargoyle Fighter began the quest for the
                  | Orb.
     0 | D:1      | Reached XP level 1. HP: 14/14 MP: 1/1
   410 | D:1      | Reached XP level 2. HP: 19/19 MP: 2/2
   665 | D:1      | You fall into a shaft and drop 1 floor!
   801 | D:2      | Reached skill level 3 in Maces & Flails
   875 | D:2      | Found a shadowy altar of Dithmenos.
   876 | D:2      | Identified the +6 plate armour of the Blessed Realm {Dex+7}
   946 | D:2      | Reached XP level 3. HP: 23/23 MP: 3/3
  1312 | D:1      | Reached skill level 4 in Maces & Flails
  1320 | D:1      | Found a faded altar of an unknown god.
  1654 | D:2      | Reached XP level 4. HP: 17/28 MP: 4/4
  2507 | D:3      | Reached XP level 5. HP: 33/33 MP: 5/5
  2916 | D:3      | Found a blossoming altar of Fedhas.
  2939 | D:3      | Noticed an oklob plant
  3086 | D:4      | Reached skill level 5 in Maces & Flails
  3095 | D:4      | Reached XP level 6. HP: 38/38 MP: 6/6
  3124 | D:4      | Reached skill level 6 in Maces & Flails
  3175 | D:4      | Noticed Natasha
  3186 | D:4      | Killed Natasha
  3747 | D:4      | Found a snail-covered altar of Cheibriados.
  3751 | D:4      | Found a glowing silver altar of Zin.
  3753 | D:4      | Found a burning altar of Makhleb.
  3758 | D:4      | Found a glowing golden altar of the Shining One.
  3874 | D:4      | Noticed Natasha
  3883 | D:4      | Killed Natasha
  3993 | D:4      | Reached skill level 7 in Maces & Flails
  3993 | D:4      | Reached XP level 7. HP: 41/43 MP: 7/7
  4197 | D:4      | Became a worshipper of Cheibriados the Contemplative
  4231 | D:5      | Entered Level 5 of the Dungeon
  4348 | D:5      | Found a staircase to the Ecumenical Temple.
  4463 | D:5      | Reached skill level 8 in Maces & Flails
  4627 | D:5      | Identified the +1 robe of Context {rF+ Int+4}
  4783 | D:5      | Reached * piety under Cheibriados
  4784 | D:5      | Reached skill level 1 in Dodging
  4919 | D:6      | Reached XP level 8. HP: 26/48 MP: 8/8
  5240 | D:6      | Found a shimmering blue altar of Sif Muna.
  5312 | D:6      | Reached skill level 5 in Fighting
  5740 | D:7      | Reached skill level 5 in Armour
  5740 | D:7      | Reached skill level 5 in Shields
  6403 | D:8      | Reached ** piety under Cheibriados
  6404 | D:8      | Reached XP level 9. HP: 32/55 MP: 9/9
  6891 | D:8      | Found a staircase to the Lair.
  6923 | D:8      | Found a stormy altar of Qazlal.
  7792 | D:9      | Killed from afar by an acid dragon

Illustrated notes

Levels and vault maps discovered:
D:1:      erik_arrival_blinker_ship, layout_loops_ring,
          hellmonk_ecumenical_altar_arch_garden, chequers_serial_rivers_room_b,
          minmay_misc_feat_rugged
D:2:      layout_basic, basic_altar
D:3:      cheibrodos_greedy_goblins, layout_loops_ring, tgw_fedhas
D:4:      nicolae_cairo_tiling_large, layout_loops_corners, minitemple,
          minmay_misc_feat_five, uniq_natasha
D:5:      layout_loops_ring, minmay_temple_entry_wispy, roderic_roman_lattice,
          minmay_fractal_squares_5
D:6:      layout_rooms, nicolae_sif_muna_condensation
D:7:      layout_loops_cross, skrybe_limestone_x
D:8:      gammafunk_indiana_jones, layout_loops_corners, kennysheep_little_box,
          lair_entry_dummy
D:9:      layout_roguey, xom_redecorated

Skill      XL: |  1  2  3  4  5  6  7  8  9 |
---------------+----------------------------+-----
Maces & Flails | 3 4 5 7 8 |  8.0
Fighting       | 4 5 7 |  7.3
Dodging        | 1 2 4 |  4.4
Armour         | 5 6 |  6.9
Shields        | 5 6 |  6.9

Action                   |  1- 3 |  4- 6 |  7- 9 || total
-------------------------+-------+-------+-------++-------
Melee: Flail             |    98 |   186 |   324 ||   608
Armor: Scale mail        |    35 |       |       ||    35
       Plate armour      |    41 |   172 |   181 ||   394
Dodge: Dodged            |    40 |    78 |   127 ||   245
       Repelled          |       |       |     2 ||     2
Block: Buckler           |    25 |    50 |    94 ||   169
